 Dungeon Crawl Stone Soup version 0.27-a0-679-g77a6b55cf3 (webtiles) character file.

Game seed: 7691834852923166629

3357 runemasterragnar the Destroyer (level 9, 0/52 HPs)
             Began as a Deep Elf Conjurer on Mar 18, 2021.
             Was an Initiate of Vehumet.
             Slain by Joseph
             ... wielding a +0 quarterstaff
              (16 damage)
             ... on level 7 of the Dungeon.
             The game lasted 00:18:13 (10652 turns).

runemasterragnar the Destroyer (Deep Elf Conjurer) Turns: 10652, Time: 00:18:13

Health: 0/52       AC:  5    Str:  4    XL:     9   Next: 73%
Magic:  10/21      EV: 14    Int: 27    God:    Vehumet [......]
Gold:   300        SH:  0    Dex: 13    Spells: 6/21 levels left

rFire    . . .     SeeInvis .   (no weapon)
rCold    + . .     Faith    .   (no shield)
rNeg     . . .     Spirit   .   a - +0 robe
rPois    .         Reflect  .   (no helmet)
rElec    .         Harm     .   j - +2 cloak
rCorr    .         Rampage  .   (no gloves)
Will     .....                  (no boots)
Stlth    +++.......             (no amulet)
HPRegen  0.17/turn              e - ring of protection from cold
MPRegen  0.17/turn              (no ring)

@: no status effects
A: no striking features
a: Renounce Religion


You were on level 7 of the Dungeon.
You worshipped Vehumet.
Vehumet was noncommittal.
You visited 2 branches of the dungeon, and saw 9 of its levels.

You collected 300 gold pieces.

Inventory:

Hand Weapons
 p - a +0 rapier
Missiles
 o - a throwing net
Armour
 a - a +0 robe (worn)
 j - a +2 cloak (worn)
Jewellery
 d - an amulet of the acrobat
 e - a ring of protection from cold (right hand)
 g - an amulet of guardian spirit
Wands
 m - a wand of iceblast (5)
 r - a wand of digging (7)
Scrolls
 b - 4 scrolls of teleportation
 c - a scroll of immolation
 l - a scroll of vulnerability
 q - a scroll of torment
Potions
 f - a potion of heal wounds
 h - a potion of degeneration
 i - a potion of flight
 k - a potion of magic
 n - 2 potions of curing


   Skills:
 + Level 3.7 Fighting
 + Level 5.9 Dodging
 + Level 6.4 Stealth
 + Level 6.8 Spellcasting
 * Level 8.5 Conjurations
 * Level 6.9 Hexes
 * Level 6.1 Translocations


You had 6 spell levels left.
You knew the following spells:

 Your Spells              Type           Power      Damage    Failure   Level
a - Magic Dart            Conj           100%       1d8       1%          1
b - Searing Ray           Conj           100%       3d7       1%          2
c - Iskenderun's Mystic   Conj/Tloc      48%        2d11      3%          4
d - Dazzling Flash        Conj/Hex       100%       N/A       1%          3
e - Fulminant Prism       Conj/Hex       25%        3d14      2%          4
f - Apportation           Tloc           84%        N/A       1%          1

Your spell library contained the following spells:

 Spells                   Type           Power      Damage    Failure   Level
 Corona                   Hex            51%        N/A       1%          1
 Animate Skeleton         Necr           18%        N/A       6%          1
 Summon Small Mammal      Summ           36%        N/A       6%          1


Dungeon Overview and Level Annotations

Branches:
Dungeon (8/15)             Temple (1/1) D:5
   Lair: D:8-11

Altars:
Ashenzari
Cheibriados
Dithmenos
Elyvilon
Fedhas
Gozag
Hepliaklqana
Kikubaaqudgha
Makhleb
Nemelex Xobeh
Qazlal
Ru
Sif Muna
Trog
Uskayaw
Vehumet
Wu Jian
Xom
Yredelemnul
Zin
The Shining One

Shops:
D:4 (   D:5 *

Annotations:
D:7 Joseph


Message History

Unknown command.
Unknown command.
Casting: Dazzling Flash (safe; 1% risk of failure)
Confirm with . or Enter, or press ? or * to list all spells.
Aiming: Searing Ray (safe; 1% risk of failure)
Press: ? - help, Shift-Dir - straight line, f - Joseph
Aim: Joseph, wielding a +0 hunting sling, wearing a +2 leather armour of poison resistance and quivering sling bullets (wandering, blind, hasn't noticed you, 17% to evade)
The searing ray hits Joseph!
Joseph is lightly wounded. (Press . to maintain the ray.)
The searing ray hits Joseph!
Joseph is moderately wounded.
Joseph unwields a +0 hunting sling.
Joseph wields a +0 quarterstaff.
Joseph misses you.
Unknown command.
The searing ray misses Joseph.
Unknown command.
The searing ray hits Joseph!!
Joseph is heavily wounded.
You finish channeling your searing ray.
Joseph misses you.
Unknown command.
Unknown command.
Casting: Searing Ray (safe; 1% risk of failure)
Confirm with . or Enter, or press ? or * to list all spells.
Aiming: Searing Ray (safe; 1% risk of failure)
Press: ? - help, Shift-Dir - straight line, f/p - Joseph
Aim: Joseph, wielding a +0 quarterstaff, wearing a +2 leather armour of poison resistance and quivering sling bullets (heavily wounded, blind, 17% to evade)
The searing ray hits Joseph!
Joseph is severely wounded. (Press . to maintain the ray.) Joseph hits you with a +0 quarterstaff!
The searing ray hits Joseph!
Joseph is almost dead.
Joseph is no longer blind.
Joseph hits you with a +0 quarterstaff.
* * * LOW HITPOINT WARNING * * *
Unknown command.
The searing ray hits Joseph.
Joseph is almost dead.
Joseph hits you with a +0 quarterstaff!
You die...

#...........
+.....######
#.....#
......#
.......#
#### #@.#
#@.# #..#
'..# #..#
#..# #......
#[.# +.....
...# #.....


You could see Joseph.

Vanquished Creatures
  Prince Ribbit (D:5)
  Sigmund (D:2)
  Eustachio (D:5)
  A water moccasin (D:7)
  2 ice beasts
  4 orc warriors
  3 sky beasts
  3 ogres
  3 centaurs
  A phantom (D:7)
  A bullfrog (D:7)
  3 scorpions
  4 killer bees (D:8)
  A howler monkey (D:5)
  A vampire bat (D:6)
  9 orc priests
  2 bullfrog skeletons
  2 jellies
  A quasit (D:5)
  Jessica (D:2)
  6 orc wizards
  3 worker ants
  A hound zombie (D:6)
  3 hound skeletons
  A worker ant zombie (D:5)
  8 adders
  2 shadow imps (D:5)
  A white imp (D:5)
  An ufetubus (D:5)
  2 worms (D:2)
  2 dart slugs (D:1)
  2 leopard geckos
  23 orcs
  22 bats
  4 giant cockroaches
  6 goblins
  4 hobgoblins
  4 jackals (D:3)
  A quokka (D:3)
  A ball python (D:2)
  4 frilled lizards
  3 kobolds
  5 rats
  A fulminant prism (D:6)
155 creatures vanquished.

Vanquished Creatures (others)
  13 fulminant prisms
13 creatures vanquished.

Grand Total: 168 creatures vanquished

Notes
Turn   | Place    | Note
-------+----------+-------------------------------------------
     0 | D:1      | runemasterragnar the Deep Elf Conjurer began the quest for
                  | the Orb.
     0 | D:1      | Reached XP level 1. HP: 10/10 MP: 6/6
   585 | D:1      | Reached XP level 2. HP: 15/15 MP: 5/8
   767 | D:1      | Learned a level 2 spell: Searing Ray
  1418 | D:2      | Reached XP level 3. HP: 20/20 MP: 2/9
  1571 | D:2      | Noticed Jessica
  1574 | D:2      | Killed Jessica
  1575 | D:2      | Reached skill level 1 in Fighting
  1575 | D:2      | Reached skill level 5 in Conjurations
  1579 | D:2      | Noticed Sigmund
  1810 | D:2      | Reached XP level 4. HP: 25/25 MP: 7/11
  1852 | D:2      | Killed Sigmund
  1853 | D:2      | Reached XP level 5. HP: 29/29 MP: 5/13
  2078 | D:2      | Learned a level 4 spell: Iskenderun's Mystic Blast
  3150 | D:3      | Reached XP level 6. HP: 28/35 MP: 6/14
  3596 | D:3      | Reached skill level 1 in Translocations
  3810 | D:3      | Found a faded altar of an unknown god.
  3810 | D:3      | Found a broken altar of Ashenzari.
  3826 | D:3      | Found a faded altar of an unknown god.
  3892 | D:3      | Found a sparkling altar of Nemelex Xobeh.
  3894 | D:3      | Found a hazy altar of Hepliaklqana.
  4113 | D:4      | Reached skill level 6 in Conjurations
  4369 | D:4      | Found a glowing silver altar of Zin.
  4549 | D:4      | Learned a level 3 spell: Dazzling Flash
  4684 | D:4      | Noticed an orc warrior
  4688 | D:4      | Killed an orc warrior
  4689 | D:4      | Reached skill level 1 in Hexes
  4792 | D:4      | Found a sacrificial altar of Ru.
  4986 | D:4      | Found Herph's Weapon Emporium.
  5164 | D:5      | Entered Level 5 of the Dungeon
  5167 | D:5      | Noticed Eustachio
  5172 | D:5      | Killed Eustachio
  5173 | D:5      | Reached XP level 7. HP: 40/40 MP: 8/16
  5384 | D:5      | Reached skill level 5 in Spellcasting
  5471 | D:5      | Noticed Prince Ribbit
  5476 | D:5      | Killed Prince Ribbit
  5534 | D:5      | Reached XP level 8. HP: 29/45 MP: 10/17
  5841 | D:5      | Found a staircase to the Ecumenical Temple.
  5853 | Temple   | Entered the Ecumenical Temple
  6399 | D:5      | Reached skill level 7 in Conjurations
  6577 | D:5      | Reached skill level 5 in Stealth
  6661 | D:5      | Found Byliu's General Store.
  7679 | D:5      | Reached skill level 5 in Dodging
  7736 | D:6      | HP: 1/46 [ogre/+0 giant club (24)]
  8220 | D:6      | Reached skill level 5 in Hexes
  8255 | D:6      | Learned a level 4 spell: Fulminant Prism
  8257 | D:6      | Learned a level 1 spell: Apportation
  8840 | D:6      | Reached XP level 9. HP: 51/51 MP: 11/20
  8853 | D:6      | Found an ancient bone altar of Kikubaaqudgha.
  8861 | D:6      | Reached skill level 5 in Translocations
  8871 | D:6      | Found a radiant altar of Vehumet.
  8875 | D:6      | Identified Vehumet's Papyrus of Arcane Weapons
  8877 | D:6      | Became a worshipper of Vehumet
  8888 | D:6      | Found a shimmering blue altar of Sif Muna.
  9527 | D:7      | Reached skill level 8 in Conjurations
  9990 | D:7      | Noticed Joseph
 10652 | D:7      | Slain by Joseph

Illustrated notes

Levels and vault maps discovered:
D:1:      grunt_arrival_crossed_arrows, layout_basic
D:2:      layout_basic, uniq_sigmund, uniq_jessica
D:3:      layout_basic, chequers_temple_overflow_minitemple
D:4:      layout_loops_corners, zin_scriptorium, nicolae_overflow_crystal_walls,
          serial_shops, kennysheep_little_box
D:5:      layout_loops_ring, minmay_temple_entry_arrows, serial_shops, shop,
          uniq_eustachio, uniq_prince_ribbit1
D:6:      layout_loops_cross, palyth_temple_overflow_mages, roderic_batcave
D:7:      layout_gridville, uniq_harold, uniq_joseph
D:8:      layout_rooms, okawaru_ov_weapons_minmay, lemuel_flamethrower_1
Temple:   nicolae_temple_figure_eight

Skill      XL: |  1  2  3  4  5  6  7  8  9 |
---------------+----------------------------+-----
Fighting       | 1 2 3 |  3.7
Dodging        | 3 4 5 |  5.9
Stealth        | 3 4 5 6 |  6.4
Conjurations   | 5 6 7 8 |  8.5
Spellcasting   | 4 5 6 |  6.8
Translocations | 2 3 4 6 |  6.1
Hexes          | 2 3 5 6 |  6.9

Action                   |  1- 3 |  4- 6 |  7- 9 || total
-------------------------+-------+-------+-------++-------
Melee: Unarmed           |       |       |     5 ||     5
 Cast: Magic Dart        |    39 |    92 |   124 ||   255
       Searing Ray       |     3 |     8 |    29 ||    40
       Fulminant Prism   |       |       |    14 ||    14
       Dazzling Flash    |       |       |     5 ||     5
Evoke: Wand              |       |     2 |     8 ||    10
  Use: Scroll            |       |       |    14 ||    14
 Stab: Sleeping          |       |       |     1 ||     1
Armor: Robe              |     1 |     4 |    22 ||    27
Dodge: Dodged            |     6 |    14 |    48 ||    68

Table legend: (Time is in decaauts)
 A = Elapsed time spent in this place.
 B = Non-inter-level travel time spent in this place.
 C = Inter-level travel time spent in this place.
 D = Time resting spent in this place.
 E = Time spent auto-exploring this place.
 F = Levels seen in this place.
 G = Mean time per level.
                   A        B        C        D        E       F      G
               +--------+--------+--------+--------+--------+-----+--------+
         Total |  10654 |  10376 |    278 |   3329 |   6153 |   9 | 1183.8 |
       Dungeon |  10432 |  10175 |    257 |   3329 |   5960 |   8 | 1304.0 |
        Temple |    221 |    200 |     21 |      0 |    193 |   1 |  221.0 |
               +--------+--------+--------+--------+--------+-----+--------+

Top non-repeatable levels by time:
     D:5: 2746 daAuts
     D:2: 1729 daAuts
     D:4: 1224 daAuts
     D:3: 1156 daAuts
     D:6: 1057 daAuts
     D:1: 1052 daAuts
     D:7: 944 daAuts
     D:8: 520 daAuts
  Temple: 221 daAuts
